Mecha, chaotic female elven Priestess ---- |..| |..| --- --.| --- ---.--- |.|--..---.....| |.|............-- |.|............... |.|--............--- |.| ---............----- -- |)| --......%.........--.-- |.| |........---..........| |@| |..).)..-- --..---><.-- |h|----.---..| |...| |....| |)|....%------ --.-- ----.- |.|........| --- -. |%*...---- - |..---- ---.. -..| --- Mecha the Adept Experience level: 6 Strength: 14 Dexterity: 10 Constitution: 15 Intelligence: 11 Wisdom: 17 Charisma: 9 Health: 0(41) Energy: 75(75) AC: 1 Gold: 229 Moves: 2493 Your Inventory: Coins $ - 229 gold pieces Weapons a - a blessed +1 mace (weapon in hand) Armor b - an uncursed +0 robe (being worn) c - an uncursed +0 small shield (being worn) t - an uncursed +0 hard hat [dwarvish iron helm] (being worn) u - a blessed +0 pair of hard shoes [iron] (being worn) A - an uncursed +0 leather armor (being worn) Scrolls B - a blessed scroll labeled DAIYEN FOOELS [of remove curse] Spellbooks g - an uncursed spellbook of cure sickness h - an uncursed spellbook of remove curse n - an uncursed spellbook of invisibility Potions d - 4 potions of holy water k - an uncursed puce potion [of fruit juice] m - an uncursed emerald potion [of gain ability] z - an uncursed orange potion [of gain energy] Rings p - an uncursed wire ring [of regeneration] Tools i - an uncursed oil lamp (0:1285) j - an uncursed tooled horn r - 5 uncursed [tallow] candles x - an uncursed looking glass [mirror] Gems v - an uncursed orange gem [worthless glass] w - 2 uncursed red gems [worthless glass] y - an uncursed black gem [worthless glass] C - 2 uncursed violet gems [worthless glass] Spells known in the end: Name Level Category Fail Memory a - cure sickness 3 healing 81% [||||||||] b - remove curse 3 clerical 0% [||||||||] c - invisibility 4 escape 100% [||||||||] Your skills at the end: Fighting Skills Weapon Skills mace [Basic / Expert] Spellcasting Skills clerical spells [Basic / Expert] Final Attributes: You were piously aligned. Hunger level was 102. Your alignment was 22 / 22. Monster difficulty range was 0 - 5. Level difficulty was 4. You were immune to sleep. You saw invisible. You had infravision. You were lucky (1). You are dead. Vanquished creatures: an orc shaman 3 gnome lords a gnomish wizard a little dog a floating eye 5 dwarves a gas spore 17 gnomes 5 geckos a jackal a fox a kobold a goblin 8 grid bugs 2 bats 3 lichens 2 kobold zombies 6 newts 60 creatures vanquished. Voluntary challenges: You used a wielded weapon 77 times. You read items or engraved 1 time. You put on armor 13 times. You never genocided any monsters. You never polymorphed an object. You never changed form. You used no wishes. You never wrote Elbereth's name. You never encountered a bones level. You never used any Sokoban shortcuts. Dungeon overview: The Dungeons of Doom: levels 1 to 2 Level 1 a long staircase Level 2 stairs to The Gnomish Mines The Gnomish Mines: levels 3 to 4 Level 3 stairs to The Dungeons of Doom Level 4 <- You were here History has recorded: On T:1 you entered the Dungeons of Doom to retrieve the Amulet of Yendor! On T:478 you reached level 2 of The Dungeons of Doom. On T:573 you advanced to experience level 2. On T:1032 you advanced to experience level 3. On T:1277 you advanced to experience level 4. On T:1345 you reached level 1 of The Gnomish Mines. On T:1691 you advanced to experience level 5. On T:1932 you advanced to experience level 6. On T:2343 you reached level 2 of The Gnomish Mines. Latest messages: The dart misses the dwarf. The dart hits the dwarf. The dwarf throws a dagger! The dagger hits the dwarf. The dart hits the dwarf. The dwarf throws a dart! The dart misses the dwarf. You are hit by a dart. The dwarf swings his thonged club. The dwarf misses. [HP-2=18] You kill the dwarf! $ - 18 gold pieces. There are several more objects here. The dwarf thrusts her broad short sword. The dwarf hits! [HP-11=7] You miss the dwarf. (2x) The dwarf thrusts her broad short sword. The dwarf misses. You miss the dwarf. (2x) The dwarf thrusts her broad short sword. The dwarf hits! You die... Final status: Goodbye Mecha the Priestess... You died in The Gnomish Mines on dungeon level 4 with 1521 points, and 229 pieces of gold, after 2493 moves. You were level 6 with a maximum of 41 hit points when you died.